[ AOE2 MATCH · #460348107 ]
UnrankedGurjaras vs Inca
[ REPLAY ANALYSIS · EXTRACTED FROM THE RECORDED GAME ]
Feudal
10:39
Castle
26:01
Imperial
—
| APM avg | 34.2 |
| APM peak | 97 |
| eAPM avg | 11.5 |
| Villagers / military | 86 / 114 |
Focus
⚔️ 33.4% · 🌾 66.6%
Shrivamsha Rider ×39 · Spearman ×29 · Camel Scout ×18 · Scout Cavalry ×17 · Chakram Thrower ×11
Feudal
9:49
Castle
24:40
Imperial
41:22
| APM avg | 48.2 |
| APM peak | 104 |
| eAPM avg | 18.1 |
| Villagers / military | 114 / 139 |
Focus
⚔️ 24.6% · 🌾 75.4%
Archer ×92 · Spearman ×41 · Trebuchet (Packed) ×4 · Skirmisher ×1 · Monk ×1
Feudal
9:53
Castle
24:27
Imperial
53:49
| APM avg | 33.5 |
| APM peak | 64 |
| eAPM avg | 18.1 |
| Villagers / military | 121 / 140 |
Focus
⚔️ 30.7% · 🌾 69.3%
Militia ×99 · Spearman ×25 · Samurai ×10 · Battering Ram ×3 · Mangonel ×3
Feudal
10:03
Castle
33:43
Imperial
—
| APM avg | 12.7 |
| APM peak | 59 |
| eAPM avg | 9.7 |
| Villagers / military | 55 / 149 |
Focus
⚔️ 46.6% · 🌾 53.4%
Longbowman ×45 · Spearman ×40 · Skirmisher ×22 · Archer ×18 · Petard ×18 · Militia ×6
Feudal
10:31
Castle
19:07
Imperial
38:42
| APM avg | 24.4 |
| APM peak | 66 |
| eAPM avg | 10.0 |
| Villagers / military | 129 / 124 |
Focus
⚔️ 19.8% · 🌾 80.2%
Knight ×104 · Teutonic Knight ×15 · Trebuchet (Packed) ×5
Feudal
11:07
Castle
28:45
Imperial
57:58
| APM avg | 66.9 |
| APM peak | 105 |
| eAPM avg | 36.6 |
| Villagers / military | 173 / 105 |
Focus
⚔️ 28.2% · 🌾 71.8%
Unknown (2550) ×198 · Skirmisher ×103 · Trebuchet (Packed) ×2
Match map
Initial resources + every placement click. Lines = walls · curves = elevation contours. ◆ gold · ⬟ stone · ● berries · ✦ relic · ◌ wall gap
Your base· Open — unwalled flank
Gatito Miau Miau's base· Open — unwalled flank
GL.Villano's base· Open — unwalled flank
AQUILES's base· Open — unwalled flank
IL_SIGNORINO's base· ✓ Closed at 19:07 · 54t walls · no gate
FaraLegend's base· Open — 8t gap
Smoothed initial terrain · ◌ = detected wall gap · hover for details
Inputs per minute
— leaa-_ - - Gatito Miau Miau
Build order — leaa-_
First 150 of 290 actions detected
| 0:01 | Create | Villager (Male) |
| 0:01 | Create | Villager (Male) |
| 0:02 | Build | House |
| 0:03 | Build | House |
| 0:25 | Create | Villager (Male) |
| 1:01 | Create | Villager (Male) |
| 1:48 | Create | Villager (Male) |
| 2:20 | Create | Villager (Male) |
| 2:38 | Create | Villager (Male) |
| 3:04 | Create | Villager (Male) |
| 3:30 | Create | Villager (Male) |
| 4:00 | Create | Villager (Male) |
| 4:03 | Build | Mill |
| 4:07 | Build | House |
| 4:24 | Create | Villager (Male) |
| 4:43 | Create | Villager (Male) |
| 5:07 | Create | Villager (Male) |
| 5:26 | Create | Villager (Male) |
| 5:39 | Build | House |
| 5:50 | Create | Villager (Male) |
| 6:13 | Build | Barracks |
| 6:28 | Create | Villager (Male) |
| 6:42 | Create | Villager (Male) |
| 7:21 | Create | Villager (Male) |
| 7:43 | Create | Villager (Male) |
| 7:55 | Create | Villager (Male) |
| 8:16 | Build | Lumber Camp |
| 8:19 | Create | Villager (Male) |
| 8:29 | Research | Feudal Age |
| 9:55 | Build | House |
| 9:56 | Build | House |
| 10:38 | Create | Villager (Male) |
| 10:39 | Age | Feudal Age |
| 10:43 | Build | Stable |
| 11:21 | Build | Stable |
| 11:27 | Create | Scout Cavalry |
| 11:27 | Create | Scout Cavalry |
| 11:29 | Create | Villager (Male) |
| 11:29 | Create | Villager (Male) |
| 11:58 | Build | Blacksmith |
| 12:02 | Create | Scout Cavalry |
| 12:04 | Create | Scout Cavalry |
| 12:04 | Create | Scout Cavalry |
| 12:06 | Create | Villager (Male) |
| 12:19 | Research | Double-Bit Axe |
| 12:35 | Build | House |
| 12:45 | Create | Villager (Male) |
| 13:00 | Build | Watch Tower |
| 13:05 | Create | Scout Cavalry |
| 13:12 | Build | House |
| 13:19 | Create | Scout Cavalry |
| 14:10 | Build | Farm |
| 14:10 | Build | Farm |
| 14:16 | Build | Farm |
| 14:17 | Create | Villager (Male) |
| 14:17 | Create | Villager (Male) |
| 15:27 | Research | Scale Barding Armor |
| 15:31 | Build | Farm |
| 15:32 | Build | Farm |
| 15:35 | Create | Scout Cavalry |
| 15:35 | Create | Scout Cavalry |
| 16:22 | Create | Villager (Male) |
| 16:22 | Create | Villager (Male) |
| 16:29 | Build | Farm |
| 16:31 | Build | Farm |
| 16:34 | Build | Farm |
| 16:35 | Build | Farm |
| 16:36 | Build | Farm |
| 16:37 | Build | Farm |
| 16:39 | Build | Farm |
| 16:40 | Build | Farm |
| 16:41 | Build | Farm |
| 16:58 | Build | House |
| 17:00 | Build | House |
| 17:01 | Build | House |
| 17:03 | Build | House |
| 17:20 | Research | Bloodlines |
| 17:28 | Build | Farm |
| 19:00 | Build | Farm |
| 19:01 | Create | Villager (Male) |
| 19:01 | Create | Villager (Male) |
| 19:33 | Build | Mining Camp |
| 19:39 | Create | Villager (Male) |
| 19:39 | Create | Villager (Male) |
| 19:48 | Build | Mining Camp |
| 19:49 | Create | Villager (Male) |
| 19:49 | Create | Villager (Male) |
| 21:08 | Create | Villager (Male) |
| 21:08 | Create | Villager (Male) |
| 21:24 | Build | Mining Camp |
| 21:52 | Build | Watch Tower |
| 21:56 | Create | Villager (Male) |
| 22:21 | Build | Market |
| 22:29 | Create | Villager (Male) |
| 23:21 | Research | Castle Age |
| 23:31 | Create | Scout Cavalry |
| 23:31 | Create | Scout Cavalry |
| 23:31 | Create | Scout Cavalry |
| 23:31 | Create | Scout Cavalry |
| 23:31 | Create | Scout Cavalry |
| 24:29 | Create | Villager (Male) |
| 24:29 | Create | Villager (Male) |
| 24:42 | Research | Horse Collar |
| 24:48 | Create | Scout Cavalry |
| 24:49 | Create | Scout Cavalry |
| 24:49 | Create | Scout Cavalry |
| 26:01 | Age | Castle Age |
| 26:29 | Create | Shrivamsha Rider |
| 26:30 | Create | Shrivamsha Rider |
| 26:30 | Create | Shrivamsha Rider |
| 26:30 | Create | Shrivamsha Rider |
| 26:30 | Create | Shrivamsha Rider |
| 26:31 | Create | Shrivamsha Rider |
| 27:42 | Build | Castle |
| 28:27 | Create | Villager (Male) |
| 28:27 | Create | Villager (Male) |
| 28:41 | Create | Shrivamsha Rider |
| 28:41 | Create | Shrivamsha Rider |
| 30:03 | Build | Farm |
| 30:05 | Create | Villager (Male) |
| 30:06 | Create | Villager (Male) |
| 30:11 | Create | Chakram Thrower |
| 30:11 | Create | Chakram Thrower |
| 30:11 | Create | Chakram Thrower |
| 30:11 | Create | Chakram Thrower |
| 30:11 | Create | Chakram Thrower |
| 30:35 | Build | Farm |
| 30:36 | Build | Farm |
| 30:54 | Build | Town Center |
| 30:59 | Create | Villager (Male) |
| 30:59 | Create | Villager (Male) |
| 31:28 | Build | Farm |
| 31:30 | Build | Farm |
| 31:32 | Build | Farm |
| 31:35 | Create | Chakram Thrower |
| 31:35 | Create | Chakram Thrower |
| 31:36 | Create | Chakram Thrower |
| 31:36 | Create | Chakram Thrower |
| 31:36 | Create | Chakram Thrower |
| 33:07 | Build | House |
| 33:43 | Build | Lumber Camp |
| 33:56 | Create | Spearman |
| 33:56 | Create | Spearman |
| 33:56 | Create | Spearman |
| 33:56 | Create | Spearman |
| 33:56 | Create | Spearman |
| 34:08 | Build | Barracks |
| 34:09 | Build | Barracks |
| 34:15 | Build | Barracks |
| 34:33 | Build | House |
Build order — Gatito Miau Miau
First 150 of 351 actions detected
| 0:00 | Create | Villager (Male) |
| 0:01 | Create | Villager (Male) |
| 0:01 | Create | Villager (Male) |
| 0:03 | Build | House |
| 0:08 | Build | House |
| 1:04 | Create | Villager (Male) |
| 1:32 | Create | Villager (Male) |
| 2:08 | Create | Villager (Male) |
| 2:52 | Create | Villager (Male) |
| 3:21 | Create | Villager (Male) |
| 3:21 | Create | Villager (Male) |
| 3:43 | Create | Villager (Male) |
| 4:06 | Build | Lumber Camp |
| 4:25 | Create | Villager (Male) |
| 5:00 | Create | Villager (Male) |
| 5:05 | Build | House |
| 5:09 | Research | Loom |
| 5:09 | Create | Villager (Male) |
| 5:49 | Create | Villager (Male) |
| 6:13 | Create | Villager (Male) |
| 6:42 | Build | Mill |
| 6:45 | Create | Villager (Male) |
| 7:03 | Create | Villager (Male) |
| 7:27 | Research | Feudal Age |
| 7:58 | Build | Barracks |
| 8:36 | Build | House |
| 9:25 | Build | Mining Camp |
| 9:49 | Age | Feudal Age |
| 9:51 | Create | Villager (Male) |
| 10:21 | Build | Archery Range |
| 10:24 | Create | Villager (Male) |
| 10:24 | Create | Villager (Male) |
| 10:43 | Research | Double-Bit Axe |
| 10:53 | Build | House |
| 11:25 | Create | Archer |
| 11:25 | Create | Archer |
| 11:35 | Build | Farm |
| 11:55 | Build | Archery Range |
| 11:59 | Create | Villager (Male) |
| 11:59 | Create | Villager (Male) |
| 12:15 | Create | Archer |
| 12:22 | Research | Horse Collar |
| 12:33 | Build | Farm |
| 12:49 | Create | Villager (Male) |
| 12:58 | Create | Archer |
| 12:58 | Create | Archer |
| 13:08 | Build | Blacksmith |
| 13:10 | Create | Villager (Male) |
| 13:15 | Create | Archer |
| 13:20 | Create | Archer |
| 13:26 | Build | House |
| 13:43 | Create | Archer |
| 13:47 | Build | House |
| 14:24 | Build | Palisade Wall |
| 14:26 | Build | Palisade Wall |
| 14:32 | Create | Archer |
| 14:33 | Create | Archer |
| 14:43 | Build | House |
| 14:45 | Build | House |
| 14:49 | Build | House |
| 15:51 | Create | Villager (Male) |
| 15:51 | Create | Villager (Male) |
| 15:51 | Create | Villager (Male) |
| 16:07 | Build | Farm |
| 16:10 | Build | Farm |
| 16:11 | Research | Fletching |
| 16:19 | Build | Farm |
| 16:22 | Create | Archer |
| 16:24 | Create | Archer |
| 16:31 | Build | Farm |
| 16:33 | Build | Farm |
| 17:21 | Create | Archer |
| 17:21 | Create | Archer |
| 17:35 | Build | Archery Range |
| 17:39 | Create | Archer |
| 17:40 | Create | Archer |
| 17:48 | Create | Villager (Male) |
| 17:48 | Create | Villager (Male) |
| 17:52 | Build | Farm |
| 17:56 | Build | Farm |
| 17:59 | Research | Padded Archer Armor |
| 18:01 | Create | Archer |
| 18:22 | Build | Farm |
| 18:23 | Create | Villager (Male) |
| 18:44 | Create | Archer |
| 18:45 | Create | Archer |
| 18:47 | Create | Villager (Male) |
| 19:26 | Build | Farm |
| 19:43 | Build | Farm |
| 21:08 | Build | Market |
| 21:25 | Build | Farm |
| 22:00 | Research | Castle Age |
| 22:50 | Create | Archer |
| 22:50 | Create | Archer |
| 22:51 | Create | Archer |
| 22:54 | Build | House |
| 22:56 | Build | House |
| 23:07 | Create | Villager (Male) |
| 23:10 | Create | Archer |
| 23:13 | Build | House |
| 23:40 | Create | Archer |
| 23:41 | Create | Archer |
| 23:55 | Build | House |
| 24:40 | Age | Castle Age |
| 24:43 | Research | Crossbowman (upgrade) |
| 24:48 | Research | Bodkin Arrow |
| 25:13 | Build | Town Center |
| 25:30 | Research | Bow Saw |
| 25:32 | Create | Villager (Male) |
| 25:32 | Create | Villager (Male) |
| 25:32 | Create | Villager (Male) |
| 26:09 | Create | Archer |
| 26:09 | Create | Archer |
| 26:19 | Build | Farm |
| 26:20 | Create | Villager (Male) |
| 26:21 | Create | Villager (Male) |
| 26:27 | Create | Villager (Male) |
| 26:27 | Create | Villager (Male) |
| 26:56 | Create | Archer |
| 26:57 | Create | Archer |
| 26:57 | Create | Archer |
| 27:09 | Build | Farm |
| 27:10 | Create | Villager (Male) |
| 27:14 | Create | Villager (Male) |
| 27:45 | Create | Archer |
| 27:49 | Create | Villager (Male) |
| 27:49 | Create | Villager (Male) |
| 28:10 | Create | Villager (Male) |
| 28:13 | Create | Villager (Male) |
| 29:01 | Create | Archer |
| 29:01 | Create | Archer |
| 29:01 | Create | Archer |
| 29:08 | Build | Farm |
| 29:10 | Create | Villager (Male) |
| 29:10 | Create | Villager (Male) |
| 29:36 | Create | Skirmisher |
| 30:05 | Create | Archer |
| 30:06 | Create | Archer |
| 30:06 | Create | Archer |
| 30:09 | Build | Farm |
| 30:09 | Create | Villager (Male) |
| 30:10 | Create | Villager (Male) |
| 30:10 | Create | Villager (Male) |
| 30:14 | Build | House |
| 30:15 | Build | House |
| 30:16 | Build | House |
| 30:30 | Build | Monastery |
| 30:34 | Create | Villager (Male) |
| 30:38 | Build | House |
| 30:38 | Build | House |
Build order — GL.Villano
First 150 of 397 actions detected
| 0:01 | Create | Villager (Male) |
| 0:01 | Create | Villager (Male) |
| 0:01 | Create | Villager (Male) |
| 0:02 | Create | Villager (Male) |
| 0:02 | Create | Villager (Male) |
| 0:03 | Build | House |
| 0:07 | Build | House |
| 1:28 | Create | Villager (Male) |
| 2:21 | Create | Villager (Male) |
| 2:27 | Build | Lumber Camp |
| 2:38 | Create | Villager (Male) |
| 3:07 | Create | Villager (Male) |
| 3:19 | Build | House |
| 3:21 | Build | House |
| 3:49 | Create | Villager (Male) |
| 3:49 | Create | Villager (Male) |
| 4:46 | Create | Villager (Male) |
| 4:46 | Create | Villager (Male) |
| 4:47 | Create | Villager (Male) |
| 5:29 | Create | Villager (Male) |
| 5:48 | Create | Villager (Male) |
| 6:34 | Build | Mill |
| 6:46 | Research | Loom |
| 7:29 | Build | Mining Camp |
| 7:43 | Research | Feudal Age |
| 8:03 | Build | Barracks |
| 8:46 | Create | Militia |
| 8:46 | Create | Militia |
| 8:46 | Create | Militia |
| 9:34 | Create | Militia |
| 9:35 | Create | Militia |
| 9:53 | Age | Feudal Age |
| 10:06 | Research | Man-at-Arms (upgrade) |
| 10:09 | Create | Villager (Male) |
| 10:10 | Create | Villager (Male) |
| 10:10 | Create | Villager (Male) |
| 11:21 | Create | Militia |
| 11:21 | Create | Militia |
| 11:21 | Create | Militia |
| 12:01 | Create | Militia |
| 12:16 | Build | House |
| 12:17 | Build | House |
| 12:18 | Build | House |
| 12:25 | Create | Villager (Male) |
| 12:25 | Create | Villager (Male) |
| 13:08 | Build | Barracks |
| 13:48 | Create | Militia |
| 13:48 | Create | Militia |
| 13:48 | Create | Militia |
| 14:33 | Create | Militia |
| 14:34 | Create | Militia |
| 14:34 | Create | Militia |
| 14:42 | Build | Blacksmith |
| 15:27 | Create | Spearman |
| 15:27 | Create | Spearman |
| 15:45 | Create | Spearman |
| 15:45 | Create | Spearman |
| 16:20 | Build | Market |
| 16:44 | Research | Double-Bit Axe |
| 16:47 | Create | Villager (Male) |
| 16:57 | Build | Farm |
| 16:57 | Build | Farm |
| 16:58 | Build | Farm |
| 18:29 | Research | Forging |
| 19:09 | Build | Farm |
| 19:12 | Build | Farm |
| 19:16 | Build | Farm |
| 19:21 | Build | Farm |
| 19:21 | Build | Farm |
| 19:22 | Build | Farm |
| 19:24 | Build | Farm |
| 19:28 | Build | Farm |
| 19:52 | Build | Farm |
| 19:52 | Build | Farm |
| 19:53 | Build | Farm |
| 19:55 | Build | Farm |
| 20:12 | Create | Villager (Male) |
| 20:27 | Build | House |
| 20:28 | Build | House |
| 21:47 | Research | Castle Age |
| 22:07 | Research | Scale Mail Armor |
| 24:27 | Age | Castle Age |
| 25:00 | Create | Villager (Male) |
| 25:01 | Create | Villager (Male) |
| 25:01 | Create | Villager (Male) |
| 25:01 | Create | Villager (Male) |
| 25:33 | Build | Town Center |
| 25:36 | Create | Villager (Male) |
| 25:36 | Create | Villager (Male) |
| 26:02 | Create | Villager (Male) |
| 26:03 | Create | Villager (Male) |
| 27:00 | Research | Long Swordsman (upgrade) |
| 27:01 | Research | Squires |
| 27:40 | Build | Farm |
| 28:09 | Create | Villager (Male) |
| 28:10 | Create | Villager (Male) |
| 28:54 | Research | Gambesons |
| 28:55 | Create | Militia |
| 28:55 | Create | Militia |
| 29:24 | Create | Villager (Male) |
| 29:26 | Create | Villager (Male) |
| 29:32 | Build | Farm |
| 29:36 | Build | Farm |
| 29:41 | Build | Farm |
| 30:11 | Build | Farm |
| 30:23 | Create | Villager (Male) |
| 30:23 | Create | Villager (Male) |
| 30:24 | Create | Villager (Male) |
| 30:46 | Create | Militia |
| 30:46 | Create | Militia |
| 30:46 | Create | Militia |
| 30:46 | Create | Militia |
| 30:54 | Build | Farm |
| 31:20 | Research | Bow Saw |
| 31:23 | Create | Villager (Male) |
| 31:29 | Create | Villager (Male) |
| 31:39 | Build | Farm |
| 31:46 | Build | Farm |
| 32:27 | Research | Pikeman (upgrade) |
| 32:27 | Create | Spearman |
| 32:27 | Create | Spearman |
| 32:27 | Create | Spearman |
| 33:14 | Create | Spearman |
| 33:14 | Create | Spearman |
| 33:14 | Create | Spearman |
| 33:26 | Create | Spearman |
| 33:43 | Create | Militia |
| 33:55 | Build | Farm |
| 34:00 | Build | Farm |
| 34:16 | Create | Villager (Male) |
| 34:16 | Create | Villager (Male) |
| 34:16 | Create | Villager (Male) |
| 34:17 | Create | Villager (Male) |
| 34:17 | Create | Villager (Male) |
| 34:19 | Build | Farm |
| 34:19 | Build | Farm |
| 34:40 | Create | Villager (Male) |
| 34:40 | Create | Villager (Male) |
| 34:40 | Create | Villager (Male) |
| 34:49 | Create | Spearman |
| 34:49 | Create | Spearman |
| 35:13 | Build | Farm |
| 35:14 | Build | Farm |
| 35:26 | Build | Mining Camp |
| 35:31 | Create | Villager (Male) |
| 35:31 | Create | Villager (Male) |
| 35:32 | Create | Villager (Male) |
| 35:32 | Create | Villager (Male) |
| 35:38 | Build | House |
| 35:39 | Build | House |
Build order — AQUILES
First 150 of 297 actions detected
| 0:03 | Create | Villager (Male) |
| 0:03 | Create | Villager (Male) |
| 0:04 | Create | Villager (Male) |
| 0:04 | Create | Villager (Male) |
| 0:06 | Build | House |
| 0:08 | Build | House |
| 1:05 | Build | House |
| 1:10 | Research | Loom |
| 1:35 | Create | Villager (Male) |
| 2:08 | Create | Villager (Male) |
| 2:36 | Create | Villager (Male) |
| 2:36 | Create | Villager (Male) |
| 3:04 | Create | Villager (Male) |
| 3:18 | Create | Villager (Male) |
| 3:37 | Create | Villager (Male) |
| 4:00 | Build | Mill |
| 4:33 | Create | Villager (Male) |
| 4:33 | Create | Villager (Male) |
| 5:56 | Build | Lumber Camp |
| 6:15 | Create | Villager (Male) |
| 6:15 | Create | Villager (Male) |
| 6:55 | Build | House |
| 7:07 | Build | House |
| 7:30 | Build | Mill |
| 7:53 | Research | Feudal Age |
| 8:57 | Create | Villager (Male) |
| 8:58 | Create | Villager (Male) |
| 10:03 | Age | Feudal Age |
| 10:11 | Research | Horse Collar |
| 10:15 | Research | Double-Bit Axe |
| 10:47 | Build | Barracks |
| 11:33 | Build | Farm |
| 11:36 | Build | Farm |
| 12:34 | Build | Watch Tower |
| 13:39 | Build | Farm |
| 13:53 | Research | Man-at-Arms (upgrade) |
| 14:13 | Build | Lumber Camp |
| 15:03 | Build | Farm |
| 15:06 | Create | Villager (Male) |
| 15:06 | Create | Villager (Male) |
| 15:07 | Create | Villager (Male) |
| 15:57 | Create | Villager (Male) |
| 15:57 | Create | Villager (Male) |
| 16:01 | Build | Farm |
| 16:27 | Build | Farm |
| 16:41 | Build | Mining Camp |
| 16:55 | Build | Farm |
| 16:59 | Create | Villager (Male) |
| 17:00 | Create | Villager (Male) |
| 17:20 | Build | Farm |
| 18:31 | Build | Archery Range |
| 18:47 | Build | Farm |
| 19:03 | Create | Villager (Male) |
| 19:03 | Create | Villager (Male) |
| 19:09 | Research | Gold Mining |
| 19:18 | Create | Skirmisher |
| 19:19 | Create | Skirmisher |
| 19:19 | Create | Skirmisher |
| 19:49 | Build | Farm |
| 20:04 | Build | Farm |
| 20:29 | Create | Villager (Male) |
| 20:29 | Create | Villager (Male) |
| 20:56 | Build | Mining Camp |
| 21:06 | Create | Villager (Male) |
| 21:06 | Create | Villager (Male) |
| 21:12 | Create | Skirmisher |
| 21:13 | Create | Skirmisher |
| 21:13 | Create | Skirmisher |
| 21:13 | Create | Skirmisher |
| 21:43 | Build | House |
| 21:45 | Build | House |
| 21:47 | Build | House |
| 22:02 | Research | Wheelbarrow |
| 22:18 | Create | Militia |
| 23:15 | Create | Villager (Male) |
| 23:16 | Create | Villager (Male) |
| 23:31 | Build | Blacksmith |
| 23:35 | Create | Militia |
| 23:35 | Create | Militia |
| 23:36 | Create | Militia |
| 23:36 | Create | Militia |
| 23:36 | Create | Militia |
| 23:52 | Build | Farm |
| 24:28 | Build | Mining Camp |
| 24:51 | Research | Forging |
| 24:54 | Research | Scale Mail Armor |
| 24:59 | Research | Padded Archer Armor |
| 25:00 | Research | Fletching |
| 25:08 | Build | House |
| 25:10 | Build | House |
| 25:24 | Create | Archer |
| 25:32 | Create | Villager (Male) |
| 25:32 | Create | Villager (Male) |
| 25:33 | Create | Villager (Male) |
| 25:40 | Create | Archer |
| 26:14 | Build | Farm |
| 26:22 | Create | Archer |
| 26:43 | Create | Archer |
| 26:43 | Create | Archer |
| 26:53 | Build | House |
| 26:54 | Build | House |
| 27:28 | Build | Market |
| 28:13 | Build | Archery Range |
| 28:16 | Build | Archery Range |
| 28:24 | Create | Villager (Male) |
| 28:24 | Create | Villager (Male) |
| 28:30 | Create | Archer |
| 28:30 | Create | Archer |
| 28:30 | Create | Archer |
| 28:32 | Create | Archer |
| 30:16 | Research | Town Watch |
| 30:30 | Build | Mining Camp |
| 31:03 | Research | Castle Age |
| 31:26 | Build | Farm |
| 31:37 | Build | Farm |
| 32:00 | Create | Archer |
| 32:01 | Create | Archer |
| 32:01 | Create | Archer |
| 32:06 | Create | Skirmisher |
| 32:06 | Create | Skirmisher |
| 32:07 | Create | Skirmisher |
| 32:07 | Create | Skirmisher |
| 32:07 | Create | Skirmisher |
| 32:07 | Create | Skirmisher |
| 32:08 | Create | Skirmisher |
| 32:08 | Create | Skirmisher |
| 32:41 | Research | Stone Mining |
| 33:14 | Build | Farm |
| 33:19 | Create | Villager (Male) |
| 33:19 | Create | Villager (Male) |
| 33:43 | Age | Castle Age |
| 33:55 | Research | Crossbowman (upgrade) |
| 34:00 | Create | Villager (Male) |
| 34:01 | Create | Villager (Male) |
| 34:45 | Research | Elite Skirmisher (upgrade) |
| 37:23 | Research | Gold Shaft Mining |
| 37:45 | Build | Castle |
| 37:51 | Research | Leather Archer Armor |
| 37:53 | Research | Bodkin Arrow |
| 37:58 | Create | Archer |
| 37:58 | Create | Archer |
| 37:58 | Create | Archer |
| 37:59 | Create | Archer |
| 37:59 | Create | Archer |
| 37:59 | Create | Skirmisher |
| 38:00 | Create | Skirmisher |
| 38:00 | Create | Skirmisher |
| 38:00 | Create | Skirmisher |
| 38:01 | Create | Archer |
| 38:15 | Create | Villager (Male) |
Build order — IL_SIGNORINO
First 150 of 298 actions detected
| 0:02 | Create | Villager (Male) |
| 0:02 | Create | Villager (Male) |
| 0:03 | Create | Villager (Male) |
| 0:03 | Create | Villager (Male) |
| 0:03 | Create | Villager (Male) |
| 0:07 | Build | House |
| 0:12 | Build | House |
| 1:44 | Create | Villager (Male) |
| 2:13 | Create | Villager (Male) |
| 2:16 | Build | Lumber Camp |
| 2:35 | Create | Villager (Male) |
| 3:07 | Create | Villager (Male) |
| 3:25 | Create | Villager (Male) |
| 4:07 | Create | Villager (Male) |
| 4:10 | Build | House |
| 4:39 | Create | Villager (Male) |
| 5:02 | Create | Villager (Male) |
| 5:46 | Build | Mill |
| 5:52 | Create | Villager (Male) |
| 6:23 | Create | Villager (Male) |
| 7:02 | Create | Villager (Male) |
| 7:31 | Create | Villager (Male) |
| 7:54 | Research | Loom |
| 8:10 | Research | Feudal Age |
| 8:32 | Build | Farm |
| 8:33 | Build | Farm |
| 8:38 | Build | Farm |
| 8:43 | Build | Farm |
| 8:55 | Build | House |
| 8:59 | Build | House |
| 9:39 | Build | Barracks |
| 10:24 | Build | Palisade Wall |
| 10:31 | Age | Feudal Age |
| 10:41 | Create | Villager (Male) |
| 11:06 | Create | Villager (Male) |
| 11:06 | Create | Villager (Male) |
| 11:19 | Build | Palisade Wall |
| 11:52 | Build | Mining Camp |
| 11:55 | Create | Villager (Male) |
| 12:27 | Create | Villager (Male) |
| 12:41 | Build | Palisade Wall |
| 12:56 | Create | Villager (Male) |
| 12:57 | Create | Villager (Male) |
| 13:22 | Build | Palisade Wall |
| 13:32 | Build | Blacksmith |
| 14:00 | Build | House |
| 14:18 | Create | Villager (Male) |
| 14:18 | Create | Villager (Male) |
| 14:26 | Build | Lumber Camp |
| 14:42 | Build | Market |
| 14:47 | Build | House |
| 15:00 | Build | Farm |
| 15:12 | Research | Wheelbarrow |
| 15:49 | Build | Palisade Wall |
| 16:17 | Research | Castle Age |
| 16:22 | Build | Farm |
| 16:37 | Research | Double-Bit Axe |
| 17:05 | Build | Mining Camp |
| 17:29 | Build | Stable |
| 17:35 | Research | Scale Barding Armor |
| 17:43 | Create | Villager (Male) |
| 17:44 | Create | Villager (Male) |
| 18:12 | Research | Gold Mining |
| 18:32 | Build | House |
| 18:35 | Build | House |
| 19:07 | Age | Castle Age |
| 19:23 | Create | Villager (Male) |
| 19:33 | Build | Town Center |
| 19:41 | Create | Villager (Male) |
| 19:41 | Create | Villager (Male) |
| 19:59 | Create | Knight |
| 20:10 | Build | Farm |
| 20:12 | Create | Villager (Male) |
| 20:15 | Research | Horse Collar |
| 20:31 | Create | Villager (Male) |
| 20:36 | Build | Farm |
| 20:55 | Build | Stable |
| 21:23 | Build | Palisade Wall |
| 21:27 | Build | Palisade Wall |
| 21:30 | Build | Farm |
| 21:33 | Create | Villager (Male) |
| 21:44 | Build | Farm |
| 21:46 | Build | Farm |
| 21:50 | Build | Farm |
| 21:55 | Build | Farm |
| 21:56 | Create | Villager (Male) |
| 21:59 | Create | Villager (Male) |
| 21:59 | Create | Villager (Male) |
| 21:59 | Create | Villager (Male) |
| 22:09 | Create | Knight |
| 22:17 | Build | Farm |
| 22:36 | Create | Villager (Male) |
| 22:44 | Build | Farm |
| 22:55 | Create | Villager (Male) |
| 22:55 | Create | Villager (Male) |
| 23:04 | Create | Knight |
| 23:25 | Build | Farm |
| 23:27 | Create | Villager (Male) |
| 23:31 | Create | Villager (Male) |
| 23:34 | Create | Villager (Male) |
| 23:36 | Build | Farm |
| 23:44 | Build | Farm |
| 23:48 | Create | Villager (Male) |
| 23:52 | Create | Knight |
| 23:59 | Build | House |
| 24:01 | Build | House |
| 24:10 | Build | Farm |
| 24:14 | Create | Villager (Male) |
| 24:22 | Research | Heavy Plow |
| 24:26 | Build | Farm |
| 24:29 | Build | Farm |
| 24:40 | Build | Farm |
| 24:42 | Create | Villager (Male) |
| 24:45 | Build | Farm |
| 24:46 | Create | Villager (Male) |
| 24:50 | Build | Farm |
| 24:57 | Create | Villager (Male) |
| 24:59 | Build | Farm |
| 25:04 | Create | Knight |
| 25:08 | Create | Knight |
| 25:19 | Build | House |
| 25:22 | Build | Farm |
| 25:24 | Create | Villager (Male) |
| 25:26 | Create | Villager (Male) |
| 25:28 | Build | Farm |
| 25:35 | Create | Knight |
| 26:02 | Build | Farm |
| 26:05 | Build | Farm |
| 26:18 | Research | Chain Barding Armor |
| 26:20 | Research | Forging |
| 26:28 | Create | Knight |
| 26:37 | Create | Villager (Male) |
| 26:37 | Create | Villager (Male) |
| 26:38 | Create | Villager (Male) |
| 26:38 | Create | Villager (Male) |
| 26:41 | Build | Farm |
| 27:53 | Create | Knight ×5 |
| 27:56 | Research | Bloodlines |
| 28:02 | Build | Farm |
| 28:06 | Build | Farm |
| 28:09 | Create | Villager (Male) |
| 28:09 | Create | Villager (Male) |
| 29:03 | Create | Knight |
| 29:03 | Create | Knight |
| 29:05 | Create | Knight |
| 29:26 | Research | Iron Casting |
| 29:50 | Build | House |
| 29:51 | Build | House |
| 30:07 | Build | Castle |
| 30:20 | Research | Stone Mining |
Build order — FaraLegend
First 150 of 633 actions detected
| 0:01 | Create | Villager (Male) |
| 0:01 | Create | Villager (Male) |
| 0:02 | Build | House |
| 0:05 | Build | House |
| 0:08 | Create | Villager (Male) |
| 0:09 | Create | Villager (Male) |
| 1:29 | Create | Villager (Male) |
| 2:01 | Create | Villager (Male) |
| 2:04 | Build | Settlement |
| 2:28 | Create | Villager (Male) |
| 2:50 | Create | Villager (Male) |
| 3:06 | Create | Villager (Male) |
| 3:44 | Create | Villager (Male) |
| 3:55 | Create | Villager (Male) |
| 4:44 | Create | Villager (Male) |
| 4:44 | Create | Villager (Male) |
| 4:45 | Create | Villager (Male) |
| 5:29 | Create | Villager (Male) |
| 5:53 | Create | Villager (Male) |
| 6:18 | Create | Villager (Male) |
| 6:18 | Create | Villager (Male) |
| 6:53 | Create | Villager (Male) |
| 6:53 | Create | Villager (Male) |
| 7:27 | Create | Villager (Male) |
| 8:33 | Create | Villager (Male) |
| 8:39 | Research | Feudal Age |
| 9:19 | Build | Barracks |
| 9:51 | Build | Farm |
| 9:52 | Build | Farm |
| 9:55 | Build | Farm |
| 10:05 | Build | Farm |
| 10:08 | Create | Unit 2550 |
| 10:08 | Create | Unit 2550 |
| 10:14 | Build | Barracks |
| 10:18 | Build | Farm |
| 10:48 | Create | Unit 2550 |
| 11:07 | Age | Feudal Age |
| 11:11 | Build | Blacksmith |
| 11:13 | Research | Tech 1402 |
| 11:14 | Create | Unit 2550 |
| 11:19 | Create | Unit 2550 |
| 11:22 | Create | Villager (Male) |
| 11:39 | Create | Unit 2550 |
| 11:45 | Research | Forging |
| 11:45 | Research | Forging |
| 11:47 | Build | House |
| 11:50 | Create | Unit 2550 |
| 11:53 | Create | Unit 2550 |
| 11:58 | Build | Farm |
| 12:02 | Build | Farm |
| 12:11 | Create | Unit 2550 |
| 12:13 | Build | House |
| 12:24 | Create | Villager (Male) |
| 12:45 | Build | Farm |
| 13:07 | Research | Scale Mail Armor |
| 13:22 | Create | Unit 2550 |
| 13:30 | Build | Farm |
| 13:48 | Create | Unit 2550 |
| 13:48 | Create | Unit 2550 |
| 13:54 | Create | Unit 2550 |
| 14:06 | Create | Unit 2550 |
| 14:20 | Create | Unit 2550 |
| 14:32 | Create | Unit 2550 |
| 14:53 | Create | Unit 2550 |
| 14:53 | Create | Unit 2550 |
| 15:12 | Create | Unit 2550 |
| 15:17 | Create | Unit 2550 |
| 15:17 | Create | Villager (Male) |
| 15:40 | Create | Unit 2550 |
| 15:51 | Create | Unit 2550 |
| 16:12 | Create | Villager (Male) |
| 16:18 | Research | Double-Bit Axe |
| 16:20 | Build | Farm |
| 16:23 | Build | Farm |
| 16:34 | Create | Unit 2550 |
| 16:35 | Create | Villager (Male) |
| 16:58 | Build | Market |
| 17:24 | Research | Arson |
| 17:29 | Create | Villager (Male) |
| 17:29 | Create | Villager (Male) |
| 17:45 | Create | Villager (Male) |
| 18:00 | Create | Villager (Male) |
| 18:07 | Create | Villager (Male) |
| 18:10 | Build | Farm |
| 18:14 | Create | Villager (Male) |
| 18:24 | Create | Villager (Male) |
| 18:26 | Build | Farm |
| 18:31 | Create | Villager (Male) |
| 18:42 | Build | Palisade Wall |
| 19:15 | Create | Villager (Male) |
| 19:17 | Build | Farm |
| 19:18 | Build | Farm |
| 19:29 | Create | Unit 2550 |
| 19:30 | Create | Unit 2550 |
| 19:36 | Build | House |
| 19:37 | Build | Palisade Wall |
| 19:40 | Build | Palisade Wall |
| 19:45 | Create | Villager (Male) |
| 19:47 | Build | Farm |
| 19:54 | Create | Unit 2550 |
| 20:18 | Create | Villager (Male) |
| 20:21 | Build | House |
| 20:23 | Build | Palisade Wall |
| 20:28 | Build | Palisade Wall |
| 20:30 | Build | Palisade Gate |
| 20:39 | Build | House |
| 20:40 | Build | Palisade Wall |
| 20:44 | Create | Villager (Male) |
| 20:56 | Create | Villager (Male) |
| 21:21 | Create | Villager (Male) |
| 21:21 | Create | Villager (Male) |
| 21:37 | Create | Villager (Male) |
| 21:54 | Create | Villager (Male) |
| 21:56 | Create | Villager (Male) |
| 21:58 | Build | Farm |
| 21:59 | Create | Unit 2550 |
| 21:59 | Create | Unit 2550 |
| 22:08 | Create | Villager (Male) |
| 22:09 | Build | Farm |
| 22:11 | Create | Unit 2550 |
| 22:28 | Create | Villager (Male) |
| 22:33 | Create | Villager (Male) |
| 22:35 | Build | Farm |
| 22:49 | Create | Villager (Male) |
| 23:02 | Create | Unit 2550 |
| 23:27 | Create | Villager (Male) |
| 23:35 | Research | Horse Collar |
| 23:35 | Research | Horse Collar |
| 23:39 | Create | Villager (Male) |
| 23:39 | Create | Villager (Male) |
| 23:49 | Create | Unit 2550 |
| 23:49 | Create | Unit 2550 |
| 23:52 | Build | Farm |
| 24:05 | Research | Gold Mining |
| 24:06 | Create | Villager (Male) |
| 24:32 | Create | Villager (Male) |
| 24:41 | Build | Farm |
| 24:41 | Build | Farm |
| 25:02 | Create | Villager (Male) |
| 25:05 | Build | Farm |
| 25:06 | Build | Farm |
| 25:10 | Create | Villager (Male) |
| 25:28 | Create | Villager (Male) |
| 25:33 | Build | Farm |
| 25:49 | Create | Villager (Male) |
| 26:05 | Research | Castle Age |
| 26:16 | Create | Villager (Male) |
| 26:18 | Build | Farm |
| 26:26 | Create | Villager (Male) |
| 27:16 | Create | Villager (Male) |
Match timeline
| 6:13 | leaa-_ · first_building Barracks |
| 7:58 | Gatito Miau Miau · first_building Barracks |
| 8:03 | GL.Villano · first_building Barracks |
| 9:19 | FaraLegend · first_building Barracks |
| 9:39 | IL_SIGNORINO · first_building Barracks |
| 9:49 | Gatito Miau Miau · age_up feudal |
| 9:53 | GL.Villano · age_up feudal |
| 10:03 | AQUILES · age_up feudal |
| 10:21 | Gatito Miau Miau · first_building Archery Range |
| 10:24 | IL_SIGNORINO · wall_segment Palisade Wall x11 |
| 10:31 | IL_SIGNORINO · age_up feudal |
| 10:39 | leaa-_ · age_up feudal |
| 10:43 | leaa-_ · first_building Stable |
| 10:47 | AQUILES · first_building Barracks |
| 11:07 | FaraLegend · age_up feudal |
| 11:19 | IL_SIGNORINO · wall_segment Palisade Wall x10 |
| 12:41 | IL_SIGNORINO · wall_segment Palisade Wall x10 |
| 13:22 | IL_SIGNORINO · wall_segment Palisade Wall x13 |
| 14:24 | Gatito Miau Miau · wall_segment Palisade Wall x1 |
| 14:26 | Gatito Miau Miau · wall_segment Palisade Wall x1 |
| 15:49 | IL_SIGNORINO · wall_segment Palisade Wall x10 |
| 17:29 | IL_SIGNORINO · first_building Stable |
| 17:53 | FaraLegend · first_market_buy 100 wood |
| 18:31 | AQUILES · first_building Archery Range |
| 18:42 | FaraLegend · wall_segment Palisade Wall x16 |
| 19:07 | IL_SIGNORINO · age_up castle |
| 19:37 | FaraLegend · wall_segment Palisade Wall x5 |
| 19:40 | FaraLegend · wall_segment Palisade Wall x11 |
| 20:23 | FaraLegend · wall_segment Palisade Wall x6 |
| 20:28 | FaraLegend · wall_segment Palisade Wall x5 |
| 20:40 | FaraLegend · wall_segment Palisade Wall x7 |
| 21:19 | GL.Villano · first_market_sell 100 wood |
| 21:20 | GL.Villano · first_market_buy 100 food |
| 21:23 | IL_SIGNORINO · wall_segment Palisade Wall x1 |
| 21:27 | IL_SIGNORINO · wall_segment Palisade Wall x1 |
| 21:58 | Gatito Miau Miau · first_market_sell 100 food |
| 24:27 | GL.Villano · age_up castle |
| 24:37 | FaraLegend · first_market_sell 100 stone |
| 24:40 | Gatito Miau Miau · age_up castle |
| 25:08 | Gatito Miau Miau · first_market_buy 100 wood |
| 26:01 | leaa-_ · age_up castle |
| 27:36 | leaa-_ · first_market_buy 100 stone |
| 27:42 | leaa-_ · first_building Castle |
| 28:20 | FaraLegend · first_building Archery Range |
| 28:45 | FaraLegend · age_up castle |
| 30:07 | IL_SIGNORINO · first_building Castle |
| 30:30 | Gatito Miau Miau · first_building Monastery |
| 33:43 | AQUILES · age_up castle |
| 35:38 | Gatito Miau Miau · first_building Castle |
| 37:45 | AQUILES · first_building Castle |
| 38:42 | IL_SIGNORINO · age_up imperial |
| 41:22 | Gatito Miau Miau · age_up imperial |
| 46:39 | GL.Villano · first_building Castle |
| 48:02 | AQUILES · first_market_sell 100 food |
| 48:06 | GL.Villano · first_building Siege Workshop |
| 48:07 | AQUILES · first_market_buy 100 wood |
| 51:07 | IL_SIGNORINO · first_market_sell 100 wood |
| 53:49 | GL.Villano · age_up imperial |
| 54:06 | FaraLegend · first_building Monastery |
| 56:41 | Gatito Miau Miau · resign |
| 57:52 | FaraLegend · first_building Castle |
| 57:58 | FaraLegend · age_up imperial |
| 60:19 | FaraLegend · first_building Siege Workshop |
[ AI ANALYSIS · 1 CREDIT ]
What really happened in this match?
Wolo.gg analyzes every decision: build order, eco, micro, common mistakes by bracket. Personalized analysis on WhatsApp or Discord in 30 seconds.
Civ guide
Gurjaras
Map guide
Gold Rush
Perfil
leaa-_